 Dungeon Crawl Stone Soup version 0.24.0-123-gd5b16e6ec5 (webtiles) character file.

Game seed: 4186109060381157654, levelgen mode: deterministic

176464 Jynx the Bludgeoner (level 17, -32/163 HPs)
             Began as a Minotaur Fighter on Jan 8, 2020.
             Was a High Priest of Okawaru.
             Annihilated by Donald
             ... wielding a +2 demon trident of draining
              (37 damage)
             ... on level 3 of the Shoals.
             The game lasted 01:20:19 (37143 turns).

Jynx the Bludgeoner (Minotaur Fighter)             Turns: 37143, Time: 01:20:20

Health: -32/163    AC: 25    Str: 23    XL:     17   Next: 24%
Magic:  17/22      EV: 18    Int:  7    God:    Okawaru [*****.]
Gold:   3081       SH:  0    Dex: 24    Spells: 16/16 levels left

rFire    + . .     SeeInvis .   Q - +7 great mace "Peaj" {speed, *Noise rElec rF+ Int+7}
rCold    + + .     Gourm    .   (shield currently unavailable)
rNeg     . . .     Faith    .   G - +0 plate armour
rPois    +         Spirit   .   g - +2 hat
rElec    +         Reflect  .   Y - scarf {repulsion}
rCorr    +         Harm     .   a - +2 pair of gloves {Dex+3}
MR       +....                  W - +0 pair of boots "Fiummest" {rElec rPois rC++ Int-5}
Stlth    ..........             U - amulet of the acrobat
HPRegen  0.37/turn              t - +6 ring of dexterity
MPRegen  0.18/turn              J - ring of resist corrosion

@: about to teleport, heroism, finesse, flying, mesmerised, very heavily
drained, repel missiles
A: retaliatory headbutt, horns 2
}: 1/15 runes: gossamer
a: Heroism, Finesse, Renounce Religion


You were on level 3 of the Shoals.
You worshipped Okawaru.
Okawaru was extremely pleased with you.
You were not hungry.

You visited 5 branches of the dungeon, and saw 28 of its levels.
You also visited: Sewer.

You collected 3370 gold pieces.
You spent 289 gold pieces at shops.

Inventory:

Hand Weapons
 Q - the +7 great mace "Peaj" (weapon) {speed, *Noise rElec rF+ Int+7}
   (Okawaru gifted it to you on level 5 of the Lair of Beasts)

   Attacks with this weapon are significantly faster.
   It affects your intelligence (+7).
   It protects you from fire.
   It insulates you from electricity.
   It may make noises in combat.
Armour
 a - a +2 pair of gloves of dexterity (worn)
 g - a +2 hat (worn)
 G - a +0 plate armour (worn)
 W - the +0 pair of boots "Fiummest" (worn) {rElec rPois rC++ Int-5}
   (Okawaru gifted it to you on level 9 of the Dungeon)

   It affects your intelligence (-5).
   It greatly protects you from cold.
   It insulates you from electricity.
   It protects you from poison.
 Y - a scarf of repulsion (worn)
Jewellery
 j - a +2 amulet of reflection
 n - a cursed ring of poison resistance
 t - a +6 ring of dexterity (left hand)
 u - an uncursed ring of protection from cold
 w - a +2 ring of slaying
 y - an uncursed ring of positive energy
 z - an uncursed ring of flight
 F - an uncursed amulet of magic regeneration
 J - a ring of resist corrosion (right hand)
 N - an uncursed ring of protection from fire
 P - a +4 ring of protection
 U - an amulet of the acrobat (around neck)
 Z - an uncursed ring of ice
Wands
 b - a wand of disintegration (55)
 e - a wand of polymorph (10)
 k - a wand of digging (4)
 o - a wand of flame (56)
 D - a wand of paralysis (28)
 M - a wand of iceblast (7)
 O - a wand of acid (20)
Scrolls
 d - 12 scrolls of remove curse
 i - 5 scrolls of teleportation
 p - 3 scrolls of magic mapping
 q - 2 scrolls of fear
 x - 10 scrolls of enchant armour
 I - 9 scrolls of immolation
 L - 4 scrolls of fog
Potions
 h - 2 potions of flight
 l - 7 potions of curing
 m - 5 potions of resistance
 r - 3 potions of agility
 s - 3 potions of magic
 v - 2 potions of invisibility
 A - a potion of berserk rage
 B - 4 potions of degeneration {unknown}
 C - 5 potions of haste {unknown}
 E - 5 potions of ambrosia
 H - 5 potions of might
 R - 3 potions of lignification {unknown}
 S - 3 potions of mutation {unknown}
 T - 3 potions of heal wounds {unknown}
 X - 2 potions of cancellation {unknown}
Miscellaneous
 V - a sack of spiders
Comestibles
 f - 49 rations


   Skills:
 + Level 17.8(17.7) Fighting
 - Level 19.1(18.9) Maces & Flails
 + Level 17.8(17.7) Armour
 + Level 13.8(14.1) Dodging
   Level 3.6(4.9) Shields
 - Level 9.0(5.3) Invocations


You had 16 spell levels left.
You didn't know any spells.
Your spell library contained the following spells:

 Spells                   Type           Power        Failure   Level  Hunger
 Animate Skeleton         Necr           N/A          97%         1    ##.....
 Beastly Appendage        Tmut           #.....       97%         1    ##.....
 Confusing Touch          Hex            #.....       97%         1    ##.....
 Flame Tongue             Conj/Fire      #....        97%         1    ##.....
 Magic Dart               Conj           #...         97%         1    ##.....
 Pain                     Necr           #...         97%         1    ##.....
 Sting                    Conj/Pois      #...         97%         1    ##.....
 Summon Small Mammal      Summ           #...         97%         1    ##.....
 Blink                    Tloc           N/A          99%         2    ###....
 Call Imp                 Summ           #.......     99%         2    ###....
 Poisonous Vapours        Pois/Air       #.....       99%         2    ###....
 Searing Ray              Conj           #.....       99%         2    ###....
 Slow                     Hex            #.......     99%         2    ###....
 Sticks to Snakes         Tmut           #.......     99%         2    ###....
 Throw Flame              Conj/Fire      #.....       99%         2    ###....
 Call Canine Familiar     Summ           #.......     100%        3    ####...
 Confuse                  Hex            #.......     100%        3    ####...
 Conjure Flame            Conj/Fire      #.......     100%        3    ####...
 Dazzling Spray           Conj/Hex       #.....       100%        3    ####...
 Gell's Gravitas          Tloc           #.........   100%        3    ####...
 Inner Flame              Hex/Fire       #.......     100%        3    ####...
 Mephitic Cloud           Conj/Pois/Air  #.......     100%        3    ####...
 Regeneration             Chrm/Necr      #.........   100%        3    ####...
 Spider Form              Tmut/Pois      #.........   100%        3    ####...
 Summon Guardian Golem    Hex/Summ       #.......     100%        3    ####...
 Vampiric Draining        Necr           #.........   100%        3    ####...
 Animate Dead             Necr           N/A          100%        4    #####..
 Force Lance              Conj/Tloc      #.......     100%        4    #####..
 Fulminant Prism          Conj/Hex       #.........   100%        4    #####..
 Ice Form                 Ice/Tmut       #.......     100%        4    #####..
 Iskenderun's Mystic Bla  Conj           #.......     100%        4    #####..
 Olgreb's Toxic Radiance  Pois           #.......     100%        4    #####..
 Petrify                  Tmut/Erth      #.......     100%        4    #####..
 Sticky Flame             Conj/Fire      #.......     100%        4    #####..
 Summon Ice Beast         Ice/Summ       #.......     100%        4    #####..
 Summon Lightning Spire   Summ/Air       #.......     100%        4    #####..
 Blade Hands              Tmut           #.........   100%        5    ######.
 Fireball                 Conj/Fire      #.........   100%        5    ######.
 Metabolic Englaciation   Hex/Ice        #.........   100%        5    ######.
 Venom Bolt               Conj/Pois      #.........   100%        5    ######.
 Yara's Violent Unravell  Hex/Tmut       #.........   100%        5    ######.


Dungeon Overview and Level Annotations

Branches:
Dungeon (13/15)            Temple (0/1) D:4            Lair (6/6) D:8
 Shoals (3/4) Lair:2       Spider (4/4) Lair:3        Slime (0/5) Lair:5
    Orc (2/2) D:12            Elf (0/3) Orc:2         Sewer (visited)
 Vaults: D:13-14

Altars:
Ashenzari
Cheibriados
Elyvilon
Hepliaklqana
Okawaru
Ru
Trog
Vehumet
Xom
Yredelemnul
Zin
The Shining One
Beogh

Shops:
D:4 *   D:7 ?   Orc:2 }=%[   Shoals:2 %

Annotations:
Shoals:1 1 runed translucent door, microfolk's ghost, adept KoBe
Shoals:3 Donald


Innate Abilities, Weirdness & Mutations

You reflexively headbutt those who attack you in melee.
You have a pair of horns on your head.


Message History

The merfolk siren chants its luring song.
Donald says, "The other people here are really rude."
Donald barely misses you. You furiously retaliate!
You headbutt Donald.
You feel better.
Donald hits you with a +2 demon trident of draining.
* * * LOW HITPOINT WARNING * * *
You feel drained.
The merfolk siren chants its luring song.
You feel better. Donald closely misses you. You furiously retaliate!
You headbutt Donald!
The merfolk siren chants its luring song.
Donald hits you with a +2 demon trident of draining!!
* * * LOW HITPOINT WARNING * * *
You feel drained.
* * * LOW HITPOINT WARNING * * *
As you read the scroll of teleportation, it crumbles to dust.
You feel strangely unstable.
Donald says, "You can only wear one cloak at a time, you know?"
Donald hits you with a +2 demon trident of draining!!!
You die...

...# #..##≈≈≈≈≈
....##P...≈≈≈≈≈≈
<......≈≈≈≈≈≈≈≈.
....≈≈≈≈≈≈≈≈≈≈≈
...≈≈≈≈≈≈≈≈....
...≈≈m≈≈≈≈..#
>>..≈≈≈≈≈..#
.≈≈≈≈≈@@..#
≈≈≈≈≈≈)≈≈.#
≈≈≈≈≈≈≈≈).#
≈≈≈≈≈≈≈≈..##
≈≈≈≈≈≈≈≈<..#
≈≈≈≈≈≈≈≈..##
≈≈≈≈≈≈≈≈..#
≈≈≈≈≈≈≈≈...
≈≈≈≈≈≈≈≈≈...


You could see Donald and a merfolk siren.

Vanquished Creatures
  A frost giant (D:13)
  Louise (Spider:2)
  6 emperor scorpions
  4 ghost moths
  Nessos (Lair:4)
  3 entropy weavers
  Azrael (Spider:3)
  A spark wasp (Spider:3)
  3 merfolk impalers
  Fannar (D:12)
  A merfolk avatar (Shoals:2)
  4 hydras
  3 catoblepae (Lair:6)
  An alligator snapping turtle (Shoals:2)
  An ogre mage (D:7)
  A centaur warrior (D:13)
  A death knight (D:13)
  8 death scarabs (Spider:4)
  2 merfolk aquamancers
  6 death yaks
  2 two-headed ogres
  Urug (Lair:1)
  A deep elf knight (D:13)
  6 orc high priests (Orc:2)
  2 spectral emperor scorpions (Spider:4)
  The ghost of Alannah the Bolt Thrower, a novice DsHu of Okawaru (Lair:1)
  3 unseen horrors
  5 sea snakes
  2 spectral wolf spiders (Spider:4)
  An orc knight (Orc:1)
  19 wolf spiders
  22 orb spiders
  9 manticores
  A deep elf mage (D:13)
  5 ugly things
  2 cyclopes
  3 orc sorcerers
  3 fauns (Shoals:2)
  8 moths of wrath
  3 merfolk sirens (Shoals:2)
  21 elephants
  Joseph (Lair:1)
  Psyche (D:10)
  A gargoyle (D:10)
  A black mamba (Lair:3)
  2 torpor snails (Spider:3)
  7 spiny frogs
  A kobold demonologist (D:13)
  A rime drake (Lair:1)
  A komodo dragon (Lair:3)
  A freezing wraith (D:13)
  12 demonic crawlers
  11 merfolk
  8 trolls
  A queen bee (Lair:1)
  A meliai (Lair:1)
  4 spectral tarantellas (Spider:4)
  4 wind drakes
  11 hornets
  25 jumping spiders
  12 blink frogs
  3 spectral jumping spiders (Spider:4)
  11 hippogriffs
  5 slime creatures
  2 jumping spider zombies (Spider:4)
  4 snapping turtles
  2 tarantella zombies (Spider:4)
  13 dream sheep (Lair:5)
  75 redbacks
  A shadow (D:13)
  A vampire (D:11)
  A wraith (D:12)
  43 tarantellas
  4 fire elementals (Spider:2)
  Eustachio (D:6)
  4 water elementals
  35 yaks
  2 wyverns
  4 vampire mosquitoes (D:12)
  A hungry ghost (D:12)
  3 basilisks
  5 wargs
  An acid dragon (D:13)
  2 hell hounds (Spider:2)
  11 water moccasins
  4 spectral hornets (Spider:4)
  8 porcupines
  2 black bears
  3 ice beasts
  15 orc warriors
  2 phantoms
  A hornet zombie (Spider:4)
  An eye of draining (D:10)
  A necrophage (D:13)
  4 sky beasts
  8 wolves (Lair:4)
  7 ogres
  4 centaurs
  15 crocodiles
  4 big kobolds
  14 bullfrogs
  A gnoll sergeant (D:7)
  2 wyvern zombies
  4 scorpions
  11 killer bees
  8 wights
  2 crimson imps
  5 centaur zombies
  16 jellies
  5 centaur skeletons
  A gnoll shaman (D:9)
  9 hounds
  27 orc wizards
  32 orc priests
  3 bullfrog skeletons
  2 iguanas
  11 worker ants
  2 hound zombies (D:11)
  A hound skeleton (D:7)
  A howler monkey zombie (D:9)
  Robin (D:3)
  13 gnolls
  5 adders
  A river rat (D:4)
  A shadow imp (D:8)
  An ooze (D:2)
  An adder skeleton (D:7)
  3 worms
  4 dart slugs
  5 leopard geckos
  108 orcs
  3 ball pythons
  12 giant cockroaches
  19 goblins
  14 hobgoblins
  22 jackals
  28 kobolds
  A quokka (D:5)
  6 bats
  14 frilled lizards
  A jackal zombie (D:7)
  7 rats
  A plant (Sewer)
1017 creatures vanquished.

Vanquished Creatures (others)
  An orb spider (Spider:4)
  2 wolf spiders
  A spectral redback (Spider:4)
  2 jumping spiders
  A merfolk (Shoals:2)
  2 redbacks (Spider:3)
  7 fungi
  8 plants
24 creatures vanquished.

Grand Total: 1041 creatures vanquished

Notes
Turn   | Place    | Note
-------+----------+-------------------------------------------
     0 | D:1      | Jynx the Minotaur Fighter began the quest for the Orb.
     0 | D:1      | Reached XP level 1. HP: 19/19 MP: 0/0
    29 | D:1      | Reached skill level 3 in Maces & Flails
    89 | D:1      | Reached XP level 2. HP: 26/26 MP: 1/1
   270 | D:1      | Reached skill level 4 in Maces & Flails
   659 | D:1      | Reached XP level 3. HP: 28/31 MP: 2/2
   952 | D:2      | Found a radiant altar of Vehumet.
   954 | D:2      | Found a hazy altar of Hepliaklqana.
   954 | D:2      | Found a white marble altar of Elyvilon.
  1300 | D:2      | Reached skill level 5 in Maces & Flails
  1523 | D:3      | Reached XP level 4. HP: 38/39 MP: 3/3
  1690 | D:3      | Noticed Robin
  1711 | D:3      | Killed Robin
  1974 | D:3      | Reached skill level 6 in Maces & Flails
  2125 | D:3      | Found a faded altar of an unknown god.
  2641 | D:3      | Found a bloodstained altar of Trog.
  2648 | D:3      | Found a snail-covered altar of Cheibriados.
  2653 | D:3      | Found a sacrificial altar of Ru.
  2664 | D:3      | Found a shattered altar of Ashenzari.
  2671 | D:3      | Found a glowing golden altar of the Shining One.
  2676 | D:3      | Found a basalt altar of Yredelemnul.
  2683 | D:3      | Found an iron altar of Okawaru.
  2689 | D:3      | Became a worshipper of Warmaster Okawaru
  2749 | D:4      | Reached XP level 5. HP: 45/45 MP: 4/4
  2767 | D:4      | Reached skill level 7 in Maces & Flails
  2804 | D:4      | Found a glowing drain.
  2830 | Sewer    | Entered a sewer
  2934 | Sewer    | Reached XP level 6. HP: 51/51 MP: 5/5
  3615 | D:4      | Found a shimmering altar of Xom.
  3622 | D:4      | Noticed an angel
  3626 | D:4      | Found a glowing silver altar of Zin.
  3694 | D:4      | Reached skill level 8 in Maces & Flails
  3804 | D:4      | Found a staircase to the Ecumenical Temple.
  3907 | D:4      | Found Mecuimoz's General Store.
  3997 | D:5      | Entered Level 5 of the Dungeon
  4038 | D:5      | Reached * piety under Okawaru
  4057 | D:5      | Reached skill level 9 in Maces & Flails
  4087 | D:5      | Reached XP level 7. HP: 16/57 MP: 3/6
  4798 | D:5      | Reached skill level 10 in Maces & Flails
  5259 | D:6      | Reached ** piety under Okawaru
  5259 | D:6      | Reached skill level 11 in Maces & Flails
  5259 | D:6      | Reached XP level 8. HP: 53/64 MP: 7/7
  5399 | D:6      | Noticed Eustachio
  5433 | D:6      | Killed Eustachio
  5742 | D:7      | Noticed an orc sorcerer
  5744 | D:7      | Noticed an orc sorcerer
  5748 | D:7      | Noticed an ogre mage
  5748 | D:7      | Noticed a soul eater
  5755 | D:7      | Killed an orc sorcerer
  5755 | D:7      | Reached skill level 12 in Maces & Flails
  5775 | D:7      | Noticed a sixfirhy
  5775 | D:7      | Killed an orc sorcerer
  5775 | D:7      | Reached skill level 13 in Maces & Flails
  5775 | D:7      | Reached XP level 9. HP: 6/70 MP: 5/8
  5777 | D:7      | HP: 1/70 [something/bolt of poison (8)]
  5784 | D:7      | Killed an ogre mage
  5784 | D:7      | Reached *** piety under Okawaru
  5784 | D:7      | Reached skill level 14 in Maces & Flails
  6258 | D:7      | Reached skill level 15 in Maces & Flails
  6543 | D:7      | Found Waubbed's Magic Scroll Shop.
  6583 | D:7      | Paralysed by an orc for 2 turns
  6587 | D:7      | Paralysed by an orc for 5 turns
  6623 | D:7      | Noticed a cyclops
  6623 | D:7      | Noticed a two-headed ogre
  6633 | D:8      | Noticed a two-headed ogre
  6639 | D:8      | HP: 3/70 [two-headed ogre/+0 giant club (19)]
  7011 | D:7      | Killed a cyclops
  7011 | D:7      | Reached **** piety under Okawaru
  7028 | D:7      | Got a pair of distressingly furry gloves
  7034 | D:7      | Identified the cursed -5 pair of gloves "Nilid" {rN++ Str+2
                  | Dex-3 Stlth+} (You found it on level 7 of the Dungeon)
  7155 | D:7      | Reached skill level 16 in Maces & Flails
  7317 | D:7      | Killed a two-headed ogre
  7317 | D:7      | Reached XP level 10. HP: 39/77 MP: 6/9
  7730 | D:8      | Killed a two-headed ogre
  7730 | D:8      | Reached skill level 17 in Maces & Flails
  7852 | D:8      | Reached ***** piety under Okawaru
  8094 | D:8      | Found a transporter.
  8097 | D:8      | Found a roughly hewn altar of Beogh.
  8097 | D:8      | Found a transporter.
  8181 | D:8      | Found a staircase to the Lair.
  8181 | D:8      | Noticed a death yak
  9499 | D:9      | Reached skill level 1 in Invocations
  9730 | Lair:1   | Entered Level 1 of the Lair of Beasts
  9731 | Lair:1   | You fall into a shaft and drop 1 floor!
  9924 | Lair:2   | Found a staircase to the Shoals.
  9929 | Lair:1   | Noticed a spiny frog
  9964 | Lair:1   | Found a transporter.
 10915 | Lair:1   | Noticed Alannah's ghost (novice DsHu)
 10964 | Lair:1   | Found a transporter.
 10987 | Lair:1   | Reached skill level 5 in Armour
 10994 | Lair:1   | Reached skill level 5 in Fighting
 11191 | Lair:1   | Noticed Joseph
 11195 | Lair:1   | Noticed Urug
 11202 | Lair:1   | Killed Joseph
 11207 | Lair:1   | Reached XP level 11. HP: 63/88 MP: 4/12
 11215 | Lair:1   | Killed Urug
 11215 | Lair:1   | Received a gift from Okawaru
 11220 | Lair:1   | Got an ichor-stained scale mail {god gift}
 11221 | Lair:1   | Identified the +0 scale mail "Hempav" {rC+ Int+6} (Okawaru
                  | gifted it to you on level 1 of the Lair of Beasts)
 12832 | Lair:3   | Reached skill level 18 in Maces & Flails
 13248 | Lair:3   | Reached skill level 5 in Invocations
 13323 | Lair:3   | Noticed a wolf spider
 13323 | Lair:3   | Noticed a wolf spider
 13334 | Lair:3   | Killed a wolf spider
 13697 | Lair:3   | Noticed a wolf spider
 13701 | Lair:3   | Killed a wolf spider
 13711 | Lair:3   | Killed a wolf spider
 14537 | Lair:3   | Reached XP level 12. HP: 79/102 MP: 15/15
 14800 | Lair:3   | Received a gift from Okawaru
 14879 | Lair:3   | Got a fine great mace {god gift}
 14880 | Lair:3   | Identified the +1 great mace of Zaimp {crush, rElec}
                  | (Okawaru gifted it to you on level 3 of the Lair of Beasts)
 15280 | Lair:3   | Found a hole to the Spider Nest.
 15581 | Lair:4   | Noticed an eight-headed hydra
 16069 | Lair:4   | You fall into a shaft and drop 1 floor!
 16095 | Lair:5   | Received a gift from Okawaru
 16112 | Lair:5   | Got a warped great mace {god gift}
 16355 | Lair:5   | Identified the +7 great mace "Peaj" {speed, *Noise rElec
                  | rF+ Int+7} (Okawaru gifted it to you on level 5 of the Lair
                  | of Beasts)
 16398 | Lair:5   | Reached skill level 19 in Maces & Flails
 16448 | Lair:5   | Noticed an eight-headed hydra
 16456 | Lair:5   | Killed an eight-headed hydra
 16517 | Lair:5   | Reached skill level 10 in Fighting
 16517 | Lair:5   | Reached skill level 10 in Armour
 16590 | Lair:5   | Reached XP level 13. HP: 104/113 MP: 17/17
 16595 | Lair:5   | Received a gift from Okawaru
 16770 | Lair:4   | Noticed Nessos
 16791 | Lair:4   | Killed Nessos
 17277 | Lair:5   | Found a staircase to the Slime Pits.
 17793 | Lair:6   | Entered Level 6 of the Lair of Beasts
 18774 | Lair:6   | Reached skill level 1 in Dodging
 18780 | Lair:6   | Received a gift from Okawaru
 20308 | D:9      | Received a gift from Okawaru
 20311 | D:9      | Got a pair of bloodstained boots {god gift}
 20317 | D:9      | Identified the +0 pair of boots "Fiummest" {rElec rPois
                  | rC++ Int-5} (Okawaru gifted it to you on level 9 of the
                  | Dungeon)
 20589 | Lair:1   | Killed Alannah's ghost
 20589 | Lair:1   | Reached skill level 5 in Dodging
 20589 | Lair:1   | Reached XP level 14. HP: 97/127 MP: 13/19
 20727 | D:10     | Entered Level 10 of the Dungeon
 20858 | D:10     | Noticed Psyche
 20865 | D:10     | Killed Psyche
 22905 | D:12     | Noticed Fannar
 22919 | D:12     | Killed Fannar
 22932 | D:12     | Found a staircase to the Orcish Mines.
 23355 | Orc:1    | Entered Level 1 of the Orcish Mines
 23542 | Orc:2    | Entered Level 2 of the Orcish Mines
 23723 | Orc:1    | Found a roughly hewn altar of Beogh.
 24274 | Orc:2    | Found Firuraf's Gadget Emporium.
 24274 | Orc:2    | Found Curr's Jewellery Shop.
 24428 | Orc:2    | Bought a cursed ring of poison resistance for 289 gold
                  | pieces
 24456 | Orc:2    | Found a roughly hewn altar of Beogh.
 24483 | Orc:2    | Found Tutattiq's Food Emporium.
 24569 | Orc:2    | Found Vuhessam's Armour Shop.
 24905 | Orc:2    | Found a staircase to the Elven Halls.
 25344 | D:13     | Received a gift from Okawaru
 25425 | D:13     | Received a gift from Okawaru
 25792 | D:13     | Noticed a frost giant
 25802 | D:13     | Killed a frost giant
 26045 | D:13     | Reached XP level 15. HP: 136/138 MP: 12/20
 26597 | Spider:1 | Entered Level 1 of the Spider Nest
 27173 | Spider:1 | Reached skill level 10 in Dodging
 27456 | Spider:2 | Noticed Louise
 27469 | Spider:2 | Killed Louise
 27510 | Spider:2 | Reached skill level 15 in Fighting
 27510 | Spider:2 | Reached skill level 15 in Armour
 28209 | Spider:2 | Received a gift from Okawaru
 29071 | Spider:3 | Noticed Azrael
 29818 | Spider:2 | Killed a ghost moth
 30677 | Spider:3 | Reached XP level 16. HP: 151/151 MP: 21/21
 30821 | Spider:3 | Killed Azrael
 31139 | Spider:4 | Entered Level 4 of the Spider Nest
 31242 | Spider:4 | Received a gift from Okawaru
 33351 | Spider:4 | Received a gift from Okawaru
 34256 | Spider:4 | Got a gossamer rune of Zot
 34520 | Shoals:1 | Entered Level 1 of the Shoals
 34858 | Shoals:1 | Found a runed translucent door.
 34858 | Shoals:1 | Noticed microfolk's ghost (adept KoBe)
 35121 | Shoals:2 | Found Iwinikk's Food Shoppe.
 35129 | Shoals:2 | Reached XP level 17. HP: 114/162 MP: 22/22
 36494 | Shoals:2 | Received a gift from Okawaru
 37109 | Shoals:3 | Noticed Donald
 37142 | Shoals:3 | HP: 5/163 [Donald/+2 demon trident of draining (9)]
 37143 | Shoals:3 | Annihilated by Donald

Levels and vault maps discovered:
D:1:      erik_arrival_cave_to_civilisation [erik_arrival_cave_to_hall],
          layout_rooms, hex_medium, minivault_26
D:2:      layout_loops_corners, chequers_temple_overflow_statue_of_worship,
          first_ration
D:3:      layout_loops_ring, grunt_temple_overflow_octagram,
          serial_co_window_serial, co_window_cross_1, co_window_paths_a,
          co_window_paths_a, co_window_paths_a, co_window_paths_b,
          co_window_paths_a, co_window_paths_a, co_window_broadway_a,
          co_window_2corner, co_window_2corner, co_window_paths_c,
          glass_columns_c, glass_columns_a, glass_columns_a, glass_columns_b,
          chequers_ecumenical_altar_twisty, grunt_ministairs_8, uniq_robin
D:4:      layout_cave_pools, grunt_temple_overflow_order_and_chaos_1,
          minmay_temple_entry_butterflies, serial_shops,
          nicolae_shop_behind_doors, portal_sewer_entry_a,
          minmay_a_box_with_orc_wizards_in_it
D:5:      layout_loops_ring, nicolae_underground_beach
D:6:      layout_loops_ring, uniq_eustachio
D:7:      layout_rooms, serial_shops,
          nicolae_shop_temple_entry_statues_fountains, minmay_the_grid_2x2
          [minmay_the_grid_tri_star, minmay_the_grid_expand,
          minmay_the_grid_broken_lines, minmay_the_grid_prize_big_room]
D:8:      gammafunk_beogh_shrine, layout_loops_ring, david_lair_generic,
          blue_anna_alchemist [blue_anna_fruit_fields, blue_anna_fruit_fields]
D:9:      layout_loops_ring
D:10:     layout_grid_maze, hangedman_abyss_or_decor_passed, uniq_psyche
D:11:     minmay_octagon_keep, layout_loops_ring, dk_noncrumbling_4
D:12:     layout_rooms, erik_orc_3, minmay_misc_feat_alley, uniq_fannar
D:13:     layout_stronghold, minivault_28
Lair:1:   layout_regular_city, gammafunk_ghost_hive, lemuel_fruit_tree,
          uniq_urug, uniq_joseph
Lair:2:   layout_cave_pods, shoals_dummy_entry, grunt_forest_small_clearings,
          lemuel_fruit_fields
Lair:3:   layout_regular_city, spider_nest_entry_funnel_web,
          serial_bayou_pond_a, minivault_19
Lair:4:   layout_regular_city, grunt_megastairs_5, uniq_nessos
Lair:5:   layout_gridlike, minmay_slime_entry_jelly_boxes
Lair:6:   evilmike_catoblepas_cave, layout_regular_city
Shoals:1: layout_shoals, gammafunk_ghost_grave
Shoals:2: layout_shoals, serial_shops, shop
Shoals:3: layout_shoals, uniq_bai_suzhen, uniq_ilsuiw, uniq_nikola, uniq_donald
Spider:1: layout_spider_delve, hangedman_spider_tarantella_strand
Spider:2: layout_spider_delve, uniq_louise
Spider:3: layout_spider_delve, hive_lemuel, uniq_azrael
Spider:4: floodkiller_spider_rune_tomb, nicolae_spider_webs_and_nodes
Orc:1:    cheibrodos_orc_bank, layout_caves, basic_altar
Orc:2:    st_orc_town, layout_caves

Skill      XL: |  1  2  3  4  5  6  7  8  9 10 11 12 13 14 15 16 |
---------------+-------------------------------------------------+-----
Maces & Flails | 3 4 5 6 7 9 11 13 16 17 18 19 | 19.1
Armour         | 5 8 10 12 14 15 17 | 17.8
Invocations    | 3 5 7 9 |  9.0
Fighting       | 5 8 10 12 14 15 17 | 17.8
Dodging        | 5 9 11 13 | 13.8
Shields        | |  3.6

Action                   |  1- 3 |  4- 6 |  7- 9 | 10-12 | 13-15 | 16-18 || total
-------------------------+-------+-------+-------+-------+-------+-------++-------
Melee: Flail             |   103 |   192 |   221 |   357 |       |       ||   873
       Headbutt          |    16 |    34 |    53 |   133 |   297 |   191 ||   724
       Punch             |       |       |       |     4 |       |       ||     4
       Great mace        |       |       |       |   143 |  1124 |   589 ||  1856
Invok: Heroism           |       |     1 |     8 |    35 |    46 |    20 ||   110
       Finesse           |       |       |       |     7 |    13 |     7 ||    27
Evoke: Wand              |       |       |       |       |       |     2 ||     2
  Use: Scroll            |     1 |     1 |    14 |    10 |    16 |     5 ||    47
       Potion            |       |     2 |     5 |     2 |     1 |     5 ||    15
  Eat: Chunk             |     2 |     9 |    10 |    19 |    37 |    14 ||    91
       Ration            |       |       |       |     3 |     2 |     2 ||     7
Armor: Scale mail        |    41 |    60 |     1 |       |       |       ||   102
       Chain mail        |       |       |   102 |   232 |    77 |       ||   411
       Plate armour      |       |       |       |       |   292 |   247 ||   539
Dodge: Dodged            |    56 |    73 |    73 |   211 |   770 |   735 ||  1918
       Deflected         |       |       |       |       |       |    15 ||    15
Block: Other             |     3 |     6 |    10 |    35 |     6 |       ||    60
